 Dungeon Crawl Stone Soup version 0.30-a0-778-g2ef04afb54 (webtiles) character file.

Game seed: 15289407724029676517

35768 Shayle the Destroyer (level 13, -4/104 HPs)
             Began as a Demonspawn Conjurer on Feb 16, 2023.
             Was a High Priest of Vehumet.
             Succumbed to Nessos's poison
             ... on level 4 of the Lair of Beasts.
             The game lasted 01:06:11 (16217 turns).

Shayle the Destroyer (Demonspawn Conjurer)         Turns: 16217, Time: 01:06:11

Health: -4/104     AC: 10    Str:  8    XL:     13   Next: 49%
Magic:  5/27       EV: 16    Int: 24    God:    Vehumet [*****.]
Gold:   748        SH:  0    Dex: 12    Spells: 3/32 levels left

rFire   + . .      SeeInvis .    g - +5 dire flail (protect)
rCold   + + .      Faith    .    (shield currently unavailable)
rNeg    . . .      Spirit   +    F - +1 robe of Vines {NoPotionHeal Regen++++}
rPois   .          Reflect  .    v - +2 hat
rElec   .          Harm     .    (no cloak)
rCorr   .          Rampage  .    e - +2 pair of gloves
Will    .....                    (no boots)
Stlth   ++                       B - amulet of regeneration
HPRegen 4.37/turn                l - ring of Xom's Bemusement {rF+ rC++ Slay+2}
MPRegen 0.40/turn                (no ring)

@: lethally poisoned (-4 -> -31)
A: horns 2, yellow scales 1, demonic guardian 1, magic shield, magic
regeneration
a: Renounce Religion


You were on level 4 of the Lair of Beasts.
You worshipped Vehumet.
Vehumet was extremely pleased with you.
You visited 3 branches of the dungeon, and saw 14 of its levels.

You collected 748 gold pieces.

Inventory:

Hand Weapons
 g - a +5 dire flail of protection (weapon)
 j - a +1 short sword of electrocution
 n - a +2 hand axe of freezing
Missiles
 r - 2 throwing nets
Armour
 e - a +2 pair of gloves (worn)
 i - the +0 toga "Victory" {*Victory Clar}
   (You found it on level 5 of the Dungeon)

   *Victory:  When the wearer kills a threatening monster, it has a chance to
   gain +1 AC, +1 Slay, and +1 Int, capping at +7.
   When the wearer uses a scroll or a potion with a hostile monster in sight,
   its bonuses reset to +0.
   Unequipping it also resets its bonuses to +0.
   Clar:      It protects you against confusion.
 q - the +0 robe of Awe {MP+9}
   (You found it on level 3 of the Dungeon)

   MP:        It affects your magic capacity (+9).
 v - a +2 hat (worn)
 F - the +1 robe of Vines (worn) {NoPotionHeal Regen++++}
   (You found it on level 3 of the Lair of Beasts)

   NoPotionHeal: Its wearer cannot be healed by potions.
   Regen:     It increases your rate of health regeneration.
 H - a +1 leather armour of fire resistance
Jewellery
 l - the ring of Xom's Bemusement (left hand) {rF+ rC++ Slay+2}
   (You found it on level 8 of the Dungeon)

   [ring of protection from fire]

   Slay:      It affects your accuracy & damage with ranged weapons and melee
   (+2).
   rF:        It protects you from fire.
   rC:        It greatly protects you from cold.
 B - an amulet of regeneration (around neck)
 K - a ring of ice
Wands
 h - a wand of flame (16)
 p - a wand of roots (7)
 s - a wand of mindburst (7)
 E - a wand of charming (4)
Scrolls
 c - a scroll of vulnerability
 f - 2 scrolls of teleportation
 o - 3 scrolls of fog
 t - 2 scrolls of amnesia
 u - 3 scrolls of enchant armour
 y - a scroll of silence
 A - a scroll of identify
 I - a scroll of brand weapon
Potions
 a - 2 potions of attraction
 b - a potion of magic
 d - 2 potions of lignification
 k - 6 potions of brilliance
 m - 3 potions of curing
 w - 3 potions of haste
 z - 6 potions of mutation
 C - 2 potions of might {unknown}
 D - a potion of heal wounds
 G - 4 potions of ambrosia
 J - a potion of flight {unknown}
Miscellaneous
 x - a condenser vane


   Skills:
 + Level 10.6 Fighting
 + Level 10.0 Dodging
 - Level 3.2 Stealth
 + Level 10.0 Spellcasting
 + Level 11.4 Conjurations
 - Level 5.9 Hexes
 + Level 7.5 Air Magic


You had 3 spell levels left.
You knew the following spells:

 Your Spells              Type           Power      Damage    Failure   Level
a - Magic Dart            Conj           100%       1d8       1%          1
b - Searing Ray           Conj           100%       2d8       1%          2
c - Call Imp              Summ           12%        N/A       8%          2
d - Dazzling Flash        Conj/Hex       100%       N/A       1%          3
e - Mephitic Cloud        Conj/Pois/Air  42%        N/A       1%          3
f - Fulminant Prism       Conj/Hex       26%        3d14      1%          4
g - Iskenderun's Mystic   Conj/Tloc      39%        2d9       1%          4
h - Arcjolt               Conj/Air       27%        1d37      1%          5
i - Freezing Cloud        Conj/Ice/Air   21%        6-21      3%          5

Your spell library contained the following spells:

 Spells                   Type           Power      Damage    Failure   Level
 Irradiate                Conj/Tmut      19%        3d18      4%          5
 Hailstorm                Conj/Ice       39%        3d9       1%          3
 Inner Flame              Hex/Fire       26%        N/A       1%          3
 Vhi's Electric Charge    Tloc/Air       60%        N/A       3%          3
 Beastly Appendage        Tmut           24%        N/A       5%          1
 Necrotise                Necr           48%        1d6       5%          1
 Wereblood                Tmut           12%        N/A       8%          2
 Gell's Gravitas          Tloc           12%        N/A       16%         3
 Spider Form              Tmut/Pois      12%        N/A       16%         3
 Teleport Other           Tloc           12%        N/A       16%         3
 Vampiric Draining        Necr           12%        2d6       16%         3
 Cause Fear               Hex            20%        N/A       4%          4
 Summon Mana Viper        Hex/Summ       26%        N/A       41%         5
 Ice Form                 Ice/Tmut       12%        N/A       45%         4
 Agony                    Necr           12%        N/A       82%         5
 Summon Forest            Summ/Tloc      6%         N/A       82%         5
 Maxwell's Capacitive Co  Air            24%        ∞         97%         8
 Dispersal                Tloc           6%         N/A       100%        6
 Simulacrum               Ice/Necr       6%         N/A       100%        6
 Summon Cactus Giant      Summ           6%         N/A       100%        6
 Discord                  Hex            20%        N/A       100%        8


Dungeon Overview and Level Annotations

Branches:
Dungeon (8/15)             Temple (1/1) D:7            Lair (5/5) D:8
  Swamp (0/4) Lair:2       Spider (0/4) Lair:2        Slime (0/5) Lair:4

Altars:
Cheibriados
Hepliaklqana
Kikubaaqudgha
Makhleb
Okawaru
Qazlal
Ru
Sif Muna
Trog
Vehumet
Wu Jian
Xom

Annotations:
D:4 3 runed translucent doors, NotreDorf's ghost, amateur MfRe
D:5 3 runed translucent doors, Esekla's ghost, weakling OpDe
Lair:5 Nessos; Urug


Innate Abilities, Weirdness & Mutations

You have a pair of horns on your head.
You are partially covered in yellow scales. (AC +2)
A weak demonic guardian rushes to your aid.
When hurt, damage is shared between your health and your magic reserves.
You regenerate magic rapidly.


Message History

Nessos gestures wildly while chanting.
Nessos blinks!
Nessos shoots an arrow.
The arrow hits you! The arrow burns you.
You are poisoned.
Unknown command.
Casting: Magic Dart (safe; 1% risk of failure)
Confirm with . or Enter, or press ? or * to list all spells.
Aiming: Mephitic Cloud (safe; 1% risk of failure)
Press: ? - help, Shift-Dir - straight line, f - Nessos
Aim: Nessos, wielding a +2 longbow of flaming and wearing a +2 barding (chance to affect: 58%)
The ball explodes into a vile cloud!
The stinking cloud engulfs Nessos but does no damage.
You feel very sick.
You hear a shout!
You hear an angry hiss.
You hear a howl!
Nessos is engulfed in noxious fumes.
Nessos shoots an arrow.
The arrow hits you!
You are more poisoned.
You feel extremely sick.
Nessos is engulfed in noxious fumes.
Nessos gestures wildly while chanting.
Nessos blinks!
Nessos shoots an arrow.
The arrow hits you!!
A demonic guardian appears!
The arrow burns you.
You are more poisoned.
You feel extremely sick.
Nessos casts a spell.
Nessos seems to speed up.
There is a stone staircase leading up, spattered with blood here.
You feel extremely sick.
Nessos casts a spell.
Nessos blinks!
Nessos shoots an arrow.
The arrow hits you!! The arrow burns you.
You are more poisoned.
Urug throws a javelin.
The javelin pierces through you!
* * * LOW HITPOINT WARNING * * *
Nessos shoots an arrow.
The arrow hits you!!
* * * LOW HITPOINT WARNING * * *
A demonic guardian appears!
The arrow burns you.
You are more poisoned.
* * * LOW HITPOINT WARNING * * *
You climb upwards.
You die...

####.♣..............♣♣###.......
##.................#♣#.#......
#....♣♣...........♣♣..#.......
##....♣.♣........♣####........
#......♣)...♣♣..P###..!......
###.#........♣...............
###........#.............##
##......†.#.............#♣
#.......†@#...._........#.
#........†##.......#....#.
##.......÷##.......###..#.
#...............#####...#.
#..........#...## ##...##
##........#..### ##....##
#.............# ##.....#.
##...<....##.## ##......##
#.......###..###.......##


There were no monsters in sight!

Vanquished Creatures
  5 hydras
  A catoblepas (Lair:2)
  4 death yaks
  Amaemon (Lair:2)
  A skyshark (Lair:5)
  An oklob plant (Lair:3)
  A faun (Lair:4)
  10 elephants
  4 black mambas
  4 torpor snails
  An orange demon (Lair:3)
  6 cane toads
  4 rime drakes
  10 komodo dragons
  A queen bee (Lair:3)
  5 polar bears
  Grinder (D:5)
  5 blink frogs (Lair:4)
  5 dream sheep
  A wyvern (Lair:3)
  5 basilisks
  22 yaks
  A steam dragon (D:8)
  Menkaure (D:6)
  Edmund (D:6)
  9 water moccasins
  An ice beast (D:3)
  A black bear (Lair:2)
  3 ogres
  5 centaurs
  46 wolves
  A kobold brigand (D:8)
  9 bullfrogs
  A scorpion (D:5)
  25 killer bees (Lair:3)
  A jelly (D:8)
  3 orc priests
  2 hounds
  A gnoll bouda (D:6)
  6 iguanas
  5 orc wizards
  9 gnolls
  9 adders
  A shadow imp (D:5)
  4 white imps
  An ufetubus (D:5)
  4 worms
  A dart slug (D:3)
  26 orcs
  7 endoplasms
  6 giant cockroaches
  2 hobgoblins (D:1)
  3 jackals (D:1)
  6 kobolds
  A quokka (D:1)
  3 ball pythons
  4 bats
  A frilled lizard (D:1)
  6 goblins
  10 rats
  3 fulminant prisms
327 creatures vanquished.

Vanquished Creatures (collateral kills)
  An elephant (Lair:4)
  A blink frog (Lair:4)
  A yak (Lair:1)
  A wyvern (D:8)
  A basilisk (D:8)
  A centaur (Lair:1)
6 creatures vanquished.

Vanquished Creatures (others)
  173 fulminant prisms
  36 fungi
  60 plants
269 creatures vanquished.

Grand Total: 602 creatures vanquished

Notes
Turn   | Place    | Note
-------+----------+-------------------------------------------
     0 | D:1      | Shayle the Demonspawn Conjurer began the quest for the Orb.
     0 | D:1      | Reached XP level 1. HP: 13/13 MP: 3/3
   228 | D:1      | Gained mutation: You are partially covered in yellow
                  | scales. (AC +2) [demonic ancestry]
   228 | D:1      | Reached XP level 2. HP: 20/20 MP: 3/5
   533 | D:1      | Learned a level 2 spell: Searing Ray
   765 | D:1      | Reached skill level 1 in Fighting
   833 | D:1      | Learned a level 2 spell: Call Imp
   991 | D:1      | Reached XP level 3. HP: 26/26 MP: 0/6
  1313 | D:2      | Found a shimmering blue altar of Sif Muna.
  1870 | D:3      | Identified the +0 robe of Awe {MP+9}
  1909 | D:3      | Reached XP level 4. HP: 32/32 MP: 5/7
  2035 | D:3      | Noticed an ice beast
  2048 | D:3      | Killed an ice beast
  2049 | D:3      | Gained mutation: You regenerate magic rapidly. [demonic
                  | ancestry]
  2049 | D:3      | Reached XP level 5. HP: 15/38 MP: 8/9
  2151 | D:3      | Found a faded altar of an unknown god.
  2314 | D:3      | Found a hazy altar of Hepliaklqana.
  2750 | D:3      | Gained mutation: When hurt, damage is shared between your
                  | health and your magic reserves. [demonic ancestry]
  2750 | D:3      | Reached XP level 6. HP: 15/45 MP: 10/10
  3059 | D:3      | Learned a level 3 spell: Dazzling Flash
  3063 | D:3      | Learned a level 3 spell: Mephitic Cloud
  3199 | D:4      | Found a runed translucent gate.
  3199 | D:4      | Found a runed translucent gate.
  3199 | D:4      | Found a runed translucent gate.
  3272 | D:4      | Noticed NotreDorf's ghost (amateur MfRe)
  4037 | D:4      | Reached skill level 5 in Conjurations
  4083 | D:5      | Entered Level 5 of the Dungeon
  4213 | D:5      | Found the +0 toga "Victory" {*Victory Clar}
  4276 | D:5      | Reached skill level 1 in Hexes
  4615 | D:5      | Noticed Grinder
  4631 | D:5      | Gained mutation: A weak demonic guardian rushes to your
                  | aid. [demonic ancestry]
  4631 | D:5      | Reached XP level 7. HP: 49/52 MP: 12/12
  4640 | D:5      | Killed Grinder
  4703 | D:5      | Noticed Esekla's ghost (weakling OpDe)
  4749 | D:5      | Found a runed translucent gate.
  4749 | D:5      | Found a runed translucent gate.
  4757 | D:5      | Found a runed translucent gate.
  5129 | D:6      | Noticed Edmund
  5152 | D:6      | Killed Edmund
  5485 | D:6      | Gained mutation: You have a pair of small horns on your
                  | head. [demonic ancestry]
  5485 | D:6      | Reached XP level 8. HP: 57/60 MP: 14/14
  5553 | D:6      | Learned a level 4 spell: Fulminant Prism
  5786 | D:6      | Reached skill level 6 in Conjurations
  6099 | D:6      | Noticed Menkaure
  6102 | D:6      | Killed Menkaure
  6717 | D:7      | Reached skill level 5 in Spellcasting
  7233 | D:7      | Found a staircase to the Ecumenical Temple.
  7243 | Temple   | Entered the Ecumenical Temple
  7340 | Temple   | Became a worshipper of Vehumet
  7461 | D:7      | Reached skill level 5 in Fighting
  7461 | D:7      | Reached skill level 5 in Dodging
  7498 | D:7      | Reached XP level 9. HP: 36/68 MP: 8/16
  7802 | D:7      | Found a sacrificial altar of Ru.
  8287 | D:8      | Found a shimmering blue altar of Sif Muna.
  8358 | D:8      | Noticed an elephant
  8365 | D:8      | Reached skill level 7 in Conjurations
  8368 | D:8      | Found a staircase to the Lair.
  8376 | Lair:1   | Entered Level 1 of the Lair of Beasts
  8568 | D:8      | Identified the ring of Xom's Bemusement {rF+ rC++ Slay+2}
  8599 | Lair:1   | Learned a level 4 spell: Iskenderun's Mystic Blast
  8666 | Lair:1   | Noticed a komodo dragon
  8681 | Lair:1   | Killed a komodo dragon
  8682 | Lair:1   | Reached skill level 5 in Hexes
  9030 | Lair:1   | Reached XP level 10. HP: 77/77 MP: 11/19
  9032 | Lair:1   | Reached * piety under Vehumet
  9032 | Lair:1   | Offered knowledge of Foxfire by Vehumet.
  9294 | Lair:1   | Noticed a cane toad
  9307 | Lair:1   | Killed a cane toad
  9605 | Lair:1   | Reached skill level 8 in Conjurations
  9801 | Lair:1   | Found an iron altar of Okawaru.
 10203 | Lair:2   | Reached skill level 1 in Air Magic
 10246 | Lair:2   | Noticed a torpor snail
 10446 | Lair:2   | Killed a torpor snail
 10512 | Lair:2   | Found a hole to the Spider Nest.
 10745 | Lair:2   | Noticed a death yak
 10754 | Lair:2   | Noticed a torpor snail
 10774 | Lair:2   | Killed a torpor snail
 10775 | Lair:2   | Gained mutation: You have a pair of horns on your head.
                  | [demonic ancestry]
 10775 | Lair:2   | Reached XP level 11. HP: 84/84 MP: 21/21
 10785 | Lair:2   | Killed a death yak
 10946 | Lair:2   | Found a staircase to the Swamp.
 11000 | Lair:2   | Reached skill level 9 in Conjurations
 11427 | Lair:2   | Noticed a catoblepas
 11451 | Lair:2   | Offered knowledge of Scorch by Vehumet.
 11459 | Lair:2   | Killed a catoblepas
 11459 | Lair:2   | Reached ** piety under Vehumet
 11471 | Lair:2   | Noticed a seven-headed hydra
 11649 | Lair:2   | Killed a seven-headed hydra
 11955 | Lair:3   | Noticed a six-headed hydra
 11957 | Lair:3   | Noticed a five-headed hydra
 12092 | Lair:3   | Noticed Amaemon
 12110 | Lair:2   | Killed Amaemon
 12234 | Lair:2   | Reached skill level 5 in Air Magic
 12393 | Lair:3   | Killed a six-headed hydra
 12394 | Lair:3   | Reached XP level 12. HP: 94/94 MP: 13/24
 12532 | Lair:3   | Found the +1 robe of Vines {NoPotionHeal Regen++++}
 12551 | Lair:3   | Killed a five-headed hydra
 12552 | Lair:3   | Reached skill level 10 in Conjurations
 12749 | Lair:3   | Offered knowledge of Static Discharge by Vehumet.
 12759 | Lair:3   | Reached *** piety under Vehumet
 13424 | Lair:4   | Found a staircase to the Slime Pits.
 13513 | Lair:4   | Offered knowledge of Stone Arrow by Vehumet.
 13735 | Lair:4   | Learned a level 5 spell: Arcjolt
 13974 | Lair:3   | Reached **** piety under Vehumet
 14062 | Lair:4   | Found an ornate altar of the Wu Jian Council.
 14326 | Lair:4   | Noticed a seven-headed hydra
 14335 | Lair:3   | Killed a seven-headed hydra
 14590 | Lair:4   | Reached skill level 10 in Fighting
 14620 | Lair:4   | Offered knowledge of Freezing Cloud by Vehumet.
 14627 | Lair:4   | Learned a level 5 spell: Freezing Cloud
 14825 | Lair:4   | Noticed a death yak
 14826 | Lair:4   | Noticed a death yak
 14834 | Lair:3   | Reached XP level 13. HP: 101/103 MP: 10/26
 15094 | Lair:3   | Reached skill level 11 in Conjurations
 15648 | Lair:5   | Entered Level 5 of the Lair of Beasts
 16034 | Lair:5   | Noticed Nessos
 16038 | Lair:5   | Noticed Urug
 16046 | Lair:5   | Reached skill level 10 in Spellcasting
 16104 | Lair:4   | Reached ***** piety under Vehumet
 16104 | Lair:4   | Offered knowledge of Irradiate by Vehumet.
 16149 | Lair:4   | Reached skill level 10 in Dodging
 16217 | Lair:4   | Succumbed to Nessos's poison

Illustrated notes

Levels and vault maps discovered:
D:1:      tekkud_arrival_beachfront_property, layout_rooms, serial_glass,
          glass_columns_a, glass_columns_a, minmay_3d_cube
D:2:      layout_basic, basic_altar
D:3:      layout_loops_ring, pf_just_have_faith, ebering_ecumenical_altar_mist,
          minmay_box_of_dots
D:4:      layout_basic, gammafunk_ghost_icy, chequers_serial_rivers_room_b,
          kennysheep_small_spiral
D:5:      layout_loops_ring, gammafunk_ghost_split, uniq_grinder
D:6:      layout_layer_cave, grunt_decor_fettered, uniq_edmund, uniq_menkaure
D:7:      minmay_general_purpose_star, layout_layer_cave,
          mainiacjoe_overflow_tiny_flanked, minmay_temple_entry_proselytizer
D:8:      layout_gridville, lemuel_blue_sif_altar, david_lair_generic
Temple:   compressed_dpeg_circular_temple
Lair:1:   layout_small_grid, lemuel_centaur_altar
Lair:2:   beast_lair_carwin_large_2, layout_small_grid, swamp_mist_pool,
          dummy_spider_entry, lemuel_fruit_tree
Lair:3:   layout_roguey [special_room_bee], hellmonk_guarded_unrand_vines,
          grunt_megastairs_3, uniq_amaemon
Lair:4:   nzn_winding_woodlands_stair_cross
          [nzn_winding_woodlands_5x15_concentric,
          nzn_winding_woodlands_center_garden, nzn_winding_woodlands_5x15_pool,
          nzn_winding_woodlands_5x5_three, nzn_winding_woodlands_5x5_cross,
          nzn_winding_woodlands_5x15_jagged,
          nzn_winding_woodlands_center_pierced_h,
          nzn_winding_woodlands_5x15_split_checker], layout_gridlike,
          slime_entry_1, basic_altar, grunt_forest_large_clearings
Lair:5:   minmay_lair_end_enchanted_forest, layout_cave_pods,
          bobbens_ice_dragon_lair, uniq_urug, uniq_nessos

Skill      XL: |  1  2  3  4  5  6  7  8  9 10 11 12 13 |
---------------+----------------------------------------+-----
Stealth        | 2 3 |  3.2
Dodging        | 2 3 4 5 6 7 8 9 10 | 10.0
Fighting       | 1 2 3 5 6 7 8 10 | 10.6
Spellcasting   | 3 4 5 6 7 8 9 10 | 10.0
Conjurations   | 5 6 7 8 9 10 11 | 11.4
Hexes          | 1 2 4 5 |  5.9
Air Magic      | 3 5 6 7 |  7.5

Action                     |  1- 3 |  4- 6 |  7- 9 | 10-12 | 13-15 || total
---------------------------+-------+-------+-------+-------+-------++-------
  Melee: Unarmed           |    53 |       |       |       |       ||    53
         Short sword       |    10 |    19 |       |       |       ||    29
         Hand axe          |       |       |    83 |    32 |       ||   115
         Headbutt          |       |       |    15 |    38 |    28 ||    81
         Punch             |       |       |     1 |       |       ||     1
         Dire flail        |       |       |       |   141 |    84 ||   225
   Cast: Magic Dart        |    73 |    35 |    35 |    37 |     3 ||   183
         Searing Ray       |     3 |    33 |    27 |    21 |     2 ||    86
         Dazzling Flash    |       |     1 |     2 |       |       ||     3
         Call Imp          |       |     1 |       |     8 |       ||     9
         Fulminant Prism   |       |       |    31 |   118 |    27 ||   176
         Iskenderun's Myst |       |       |     4 |    62 |    42 ||   108
         Arcjolt           |       |       |       |    14 |       ||    14
         Mephitic Cloud    |       |       |       |       |     6 ||     6
  Evoke: Wand              |       |       |       |     4 |       ||     4
         Condenser vane    |       |       |       |     1 |       ||     1
    Use: Scroll            |       |    10 |    10 |     5 |       ||    25
         Potion            |       |       |     6 |     1 |       ||     7
   Stab: Sleeping          |     1 |     1 |       |     1 |       ||     3
 Armour: Robe              |    28 |    26 |    51 |   221 |    57 ||   383
  Dodge: Dodged            |    41 |    38 |   111 |   466 |   133 ||   789

Table legend: (Time is in decaauts)
 A = Elapsed time spent in this place.
 B = Non-inter-level travel time spent in this place.
 C = Inter-level travel time spent in this place.
 D = Time resting spent in this place.
 E = Time spent auto-exploring this place.
 F = Levels seen in this place.
 G = Mean time per level.
                   A        B        C        D        E       F      G
               +--------+--------+--------+--------+--------+-----+--------+
         Total |  16392 |  15925 |    467 |   4231 |   8477 |  14 | 1170.9 |
       Dungeon |   8311 |   8104 |    207 |   1480 |   5261 |   8 | 1038.9 |
        Temple |    106 |    106 |      0 |      0 |     69 |   1 |  106.0 |
          Lair |   7974 |   7714 |    260 |   2751 |   3147 |   5 | 1594.8 |
               +--------+--------+--------+--------+--------+-----+--------+

Top non-repeatable levels by time:
  Lair:4: 2369 daAuts
  Lair:1: 1970 daAuts
  Lair:2: 1902 daAuts
  Lair:3: 1656 daAuts
     D:6: 1550 daAuts
     D:7: 1262 daAuts
     D:3: 1248 daAuts
     D:5: 1063 daAuts
     D:1: 1047 daAuts
     D:4: 960 daAuts
     D:2: 855 daAuts
     D:8: 323 daAuts
  Temple: 106 daAuts
  Lair:5: 75 daAuts
